[Event "XVII Orsha-2019 Open"]
[Site "Orsha"]
[Date "2019.01.20"]
[Round "4.14"]
[White "Papunidi, Matvey"]
[Black "Poliakova, Varvara"]
[Result "1-0"]
[ECO "C84"]
[WhiteElo "2113"]
[BlackElo "1835"]
[PlyCount "97"]
[EventDate "2019.01.18"]
[EventType "swiss"]
[EventCountry "BLR"]
[TimeControl "5400+30"]

1. e4 e5 2. Nf3 Nc6 3. Bb5 a6 4. Ba4 Nf6 5. d3 b5 6. Bb3 Be7 7. O-O d6 8. a3 O-O 9. Nc3 Bg4 10. Be3 Nd4 11. Bxd4 exd4 12. Nd5 c6 13. Nf4 Nh5 14. Nxh5 Bxh5 15. h3 Bf6 16. g4 Bg6 17. Nh2 h6 18. f4 Rc8 19. Nf3 Kh8 20. Qe1 c5 21. Bd5 Qb6 22. Qg3 c4 23. h4 cxd3 24. cxd3 Rc2 25. Rf2 Qc5 26. Raf1 Rxf2 27. Qxf2 Rc8 28. h5 Bh7 29. g5 Bd8 30. gxh6 gxh6 31. Bxf7 Bb6 32. Qh4 Bd8 33. Qf2 Bb6 34. Nh4 Qc2 35. Qg3 Qd2 36. Ng6+ Kg7 37. Ne7+ Kxf7 38. Nxc8 Bc7 39. Qh3 Qe3+ 40. Qxe3 dxe3 41. Rc1 Ba5 42. b4 Bd8 43. Nxd6+ Ke6 44. Nb7 Bh4 45. Nc5+ Kd6 46. Kf1 Bg8 47. Ke2 Bf2 48. e5+ Ke7 49. Ne4 1-0

[Event "XVII Orsha-2019 Open"]
[Site "Orsha"]
[Date "2019.01.20"]
[Round "4.15"]
[White "Abrazevich, Yauheni"]
[Black "Strybuk, Artsiom I"]
[Result "0-1"]
[ECO "C67"]
[WhiteElo "1914"]
[BlackElo "2110"]
[PlyCount "62"]
[EventDate "2019.01.18"]
[EventType "swiss"]
[EventCountry "BLR"]
[TimeControl "5400+30"]

1. e4 e5 2. Nf3 Nc6 3. Bb5 Nf6 4. O-O Nxe4 5. d4 Nd6 6. Bxc6 dxc6 7. dxe5 Nf5 8. Qxd8+ Kxd8 9. Nc3 Be7 10. Bg5 Bxg5 11. Nxg5 Ke7 12. Rad1 b6 13. Nf3 h5 14. Rfe1 Bb7 15. Ne2 c5 16. Ng5 Rhd8 17. Nf4 h4 18. e6 f6 19. Ng6+ Ke8 20. Rxd8+ Rxd8 21. e7 Rc8 22. Ne6 Bd5 23. Nd8 Bf7 24. Nf4 c6 25. Nxf7 Kxf7 26. Ne6 g5 27. f4 g4 28. Nd8+ Ke8 29. Re6 Nxe7 30. Nb7 Kf7 31. Re4 Nf5 0-1

[Event "XVII Orsha-2019 Open"]
[Site "Orsha"]
[Date "2019.01.20"]
[Round "4.17"]
[White "Prutskov, Aleksei"]
[Black "Shkalov, Oleg"]
[Result "1/2-1/2"]
[ECO "A40"]
[WhiteElo "1824"]
[BlackElo "2225"]
[PlyCount "97"]
[EventDate "2019.01.18"]
[EventType "swiss"]
[EventCountry "BLR"]
[TimeControl "5400+30"]

1. d4 g6 2. c4 Bg7 3. Nc3 b6 4. e4 c5 5. d5 d6 6. Be2 a6 7. Nf3 Ra7 8. O-O Nf6 9. Nd2 e5 10. Nb3 h5 11. h3 Nh7 12. f4 exf4 13. Bxf4 O-O 14. Qd3 h4 15. Nd2 f5 16. Bf3 g5 17. Be3 g4 18. hxg4 fxg4 19. Bd1 Be5 20. Ne2 Raf7 21. Bc2 Ng5 22. Rxf7 Rxf7 23. Rf1 g3 24. Bxg5 Rxf1+ 25. Nxf1 Qxg5 26. b3 Bg4 27. Bd1 Nd7 28. Kh1 Nf6 29. Ne3 Bxe2 30. Bxe2 Bd4 31. Nf5 Nxe4 32. Qf3 Nf2+ 33. Kg1 Nh3+ 34. Kf1 Nf4 35. Qg4 Qxg4 36. Bxg4 Be5 37. Nxh4 Kf7 38. Bf5 b5 39. Nf3 Kf6 40. Bc2 Bc3 41. Bb1 bxc4 42. bxc4 a5 43. a4 Bb2 44. Bc2 Bc3 45. Bb1 Be5 46. Bc2 Bc3 47. Bb1 Be5 48. Bc2 Bc3 49. Bb1 1/2-1/2

[Event "XVII Orsha-2019 Open"]
[Site "Orsha"]
[Date "2019.01.20"]
[Round "4.18"]
[White "Budnikov, Sergei"]
[Black "Zeliantsova, Kseniya"]
[Result "1/2-1/2"]
[ECO "A48"]
[WhiteElo "2152"]
[BlackElo "1858"]
[PlyCount "118"]
[EventDate "2019.01.18"]
[EventType "swiss"]
[EventCountry "BLR"]
[TimeControl "5400+30"]

1. d4 Nf6 2. Nf3 g6 3. Bf4 Bg7 4. e3 d6 5. Be2 O-O 6. O-O Nbd7 7. h3 Qe8 8. Bh2 e5 9. c3 Qe7 10. Na3 Ne8 11. Nc4 e4 12. Nfd2 d5 13. Na5 b6 14. Nab3 f5 15. c4 c6 16. a4 a5 17. c5 bxc5 18. dxc5 Bxb2 19. Rb1 Be5 20. Bxe5 Nxe5 21. Qc2 g5 22. Nd4 f4 23. Rb6 Rf6 24. Rfb1 Qc7 25. Qb3 Qf7 26. Rb8 Rxb8 27. Qxb8 f3 28. gxf3 exf3 29. Bf1 Qc7 30. Qxc7 Nxc7 31. Rb8 Rf8 32. N2xf3 Nxf3+ 33. Nxf3 Ne6 34. Ne5 Nxc5 35. Nxc6 Nxa4 36. Rxc8 Rxc8 37. Ne7+ Kg7 38. Nxc8 Nc3 39. Nd6 Kf6 40. Nb7 a4 41. Nc5 a3 42. Nb3 a2 43. Bd3 h5 44. Kg2 Ke5 45. Kg3 Nd1 46. f4+ Kf6 47. fxg5+ Kxg5 48. h4+ Kf6 49. Kf4 Nc3 50. Na1 Na4 51. Be2 Nc5 52. Bxh5 Ne6+ 53. Kf3 d4 54. e4 d3 55. Ke3 Ke5 56. Bf3 Nd4 57. Bd1 Ne6 58. h5 Ng5 59. Bf3 d2 1/2-1/2

[Event "XVII Orsha-2019 Open"]
[Site "Orsha"]
[Date "2019.01.20"]
[Round "4.19"]
[White "Runets, Ivan"]
[Black "Gonov, Sergey"]
[Result "1-0"]
[ECO "D02"]
[WhiteElo "2118"]
[BlackElo "1905"]
[PlyCount "69"]
[EventDate "2019.01.18"]
[EventType "swiss"]
[EventCountry "BLR"]
[TimeControl "5400+30"]

1. d4 d5 2. Nf3 Nf6 3. Bf4 e6 4. e3 Be7 5. h3 Nbd7 6. Nbd2 b6 7. Be2 Bb7 8. O-O O-O 9. a4 c5 10. Ne5 Ne4 11. Nxe4 dxe4 12. c3 Nxe5 13. Bxe5 Qd5 14. b3 cxd4 15. cxd4 Rfc8 16. Bc4 Qa5 17. Qg4 Bf8 18. Rfb1 Qd2 19. Rd1 Qa5 20. Rdc1 Bd5 21. b4 Qxb4 22. Bxd5 Rxc1+ 23. Rxc1 exd5 24. Qd7 Qe7 25. Qxd5 Rd8 26. Qc6 f5 27. Qb5 Rd7 28. Rc8 h6 29. Qc6 Kf7 30. Qc4+ Kg6 31. Qg8 Rd8 32. Rc6+ Kh5 33. Qc4 Kh4 34. Bg3+ Kh5 35. h4 1-0

[Event "XVII Orsha-2019 Open"]
[Site "Orsha"]
[Date "2019.01.20"]
[Round "4.20"]
[White "Kuleshov, Konstantin"]
[Black "Volchkov, Ivan"]
[Result "1-0"]
[ECO "D55"]
[WhiteElo "2098"]
[BlackElo "1685"]
[PlyCount "55"]
[EventDate "2019.01.18"]
[EventType "swiss"]
[EventCountry "BLR"]
[TimeControl "5400+30"]

1. d4 Nf6 2. c4 e6 3. Nc3 d5 4. cxd5 exd5 5. Bg5 Be7 6. e3 O-O 7. Bd3 Nbd7 8. Nf3 b6 9. O-O Bb7 10. Rc1 Ne4 11. Bxe7 Qxe7 12. Qa4 c5 13. Bb5 cxd4 14. Qxd4 Ndc5 15. Nxd5 Qd6 16. Nc3 Qg6 17. Nxe4 Bxe4 18. Be2 Rad8 19. Qc3 Rd3 20. Bxd3 Nxd3 21. Nh4 Qg4 22. Rcd1 Nxf2 23. Kxf2 Rc8 24. Kg1 g5 25. Qf6 gxh4 26. Qxf7+ Kh8 27. Qf6+ Kg8 28. Rd8+ 1-0

[Event "XVII Orsha-2019 Open"]
[Site "Orsha"]
[Date "2019.01.20"]
[Round "4.21"]
[White "Ghevondyan, Arman"]
[Black "Vifleemskaia, Svetlana"]
[Result "1-0"]
[ECO "A46"]
[WhiteElo "1679"]
[BlackElo "2030"]
[PlyCount "87"]
[EventDate "2019.01.18"]
[EventType "swiss"]
[EventCountry "BLR"]
[TimeControl "5400+30"]

1. Nf3 Nf6 2. g3 b5 3. d4 e6 4. Bg2 Bb7 5. O-O c5 6. a4 b4 7. c4 cxd4 8. Qxd4 Nc6 9. Qd3 Na5 10. Nbd2 Be7 11. e4 d6 12. b3 O-O 13. Bb2 Rc8 14. Rac1 Nd7 15. Rfd1 Qc7 16. Qe3 a6 17. Ne1 Bf6 18. Bxf6 Nxf6 19. Nd3 Nc6 20. h3 Rfd8 21. f4 Nd7 22. g4 Qb8 23. g5 Nc5 24. Nf2 e5 25. f5 Nd4 26. Ng4 Bc6 27. Rf1 Bd7 28. Rf2 Rf8 29. Qg3 Qc7 30. Rcf1 Kh8 31. Qh4 Qd8 32. Qh5 Be8 33. g6 fxg6 34. fxg6 Bxg6 35. Rxf8+ Qxf8 36. Rxf8+ Rxf8 37. Qg5 Re8 38. Qe3 Nc2 39. Qg3 Nd4 40. Kh2 Rf8 41. Nf2 a5 42. Nd3 Nce6 43. c5 Ne2 44. Qe3 1-0

[Event "XVII Orsha-2019 Open"]
[Site "Orsha"]
[Date "2019.01.20"]
[Round "4.22"]
[White "Nikolaev, Dmitry"]
[Black "Bury, Gleb M"]
[Result "0-1"]
[ECO "B18"]
[WhiteElo "1634"]
[BlackElo "1961"]
[PlyCount "84"]
[EventDate "2019.01.18"]
[EventType "swiss"]
[EventCountry "BLR"]
[TimeControl "5400+30"]

1. e4 c6 2. d4 d5 3. Nc3 dxe4 4. Nxe4 Bf5 5. Ng3 Bg6 6. Nf3 Nd7 7. Bd3 e6 8. Bxg6 hxg6 9. Bf4 Ngf6 10. O-O Nd5 11. Bg5 Qb6 12. c4 N5f6 13. Ne5 Rd8 14. Ng4 Be7 15. c5 Qc7 16. b4 Nxg4 17. Qxg4 Nf6 18. Bf4 Nxg4 19. Bxc7 Rd7 20. Be5 f6 21. h3 fxe5 22. hxg4 exd4 23. Rae1 Kf7 24. f4 Bh4 25. f5 exf5 26. Kh2 Bg5+ 27. Kg1 Be3+ 28. Rxe3 dxe3 29. gxf5 Re8 30. Re1 Rd2 31. fxg6+ Kxg6 32. Ne2 Rxa2 33. Nd4 Rd2 34. Ne2 Kg5 35. Kf1 Rf8+ 36. Kg1 Rf2 37. Nc3 Rxg2+ 38. Kh1 Rh2+ 39. Kg1 Rdg2+ 40. Kf1 e2+ 41. Nxe2 Rxe2 42. Rxe2 Rxe2 0-1

[Event "XVII Orsha-2019 Open"]
[Site "Orsha"]
[Date "2019.01.20"]
[Round "4.23"]
[White "Parshin, Maxim"]
[Black "Sychou, Dzmitry"]
[Result "1-0"]
[ECO "E92"]
[WhiteElo "1956"]
[BlackElo "1847"]
[PlyCount "81"]
[EventDate "2019.01.18"]
[EventType "swiss"]
[EventCountry "BLR"]
[TimeControl "5400+30"]

1. d4 Nf6 2. Nf3 g6 3. c4 Bg7 4. Nc3 O-O 5. e4 d6 6. Be2 e5 7. Be3 Nc6 8. d5 Ne7 9. Nd2 Ne8 10. c5 f5 11. f3 f4 12. Bf2 Nf6 13. Nc4 Ne8 14. b4 g5 15. Rc1 Ng6 16. h3 Rf7 17. Qb3 Bf8 18. a4 Nf6 19. cxd6 cxd6 20. Nb5 Nh5 21. Bxa7 Nh4 22. Bb6 Qd7 23. Rg1 Ng3 24. Kd2 Nxg2 25. Rxg2 Qxh3 26. Rcg1 Nxe4+ 27. Kc1 Bd7 28. Bf1 Qh4 29. fxe4 Bxb5 30. axb5 Qe1+ 31. Kc2 Ra1 32. Bd3 Rc1+ 33. Kb2 f3 34. Rxg5+ Bg7 35. Rxe1 Rxe1 36. Qc2 h6 37. Rg3 Rf4 38. Bf2 Rh1 39. Nxd6 Kh8 40. Qc7 Bf6 41. Qc8+ 1-0

[Event "XVII Orsha-2019 Open"]
[Site "Orsha"]
[Date "2019.01.20"]
[Round "4.24"]
[White "Stashis, Anna"]
[Black "Simonian, Anna"]
[Result "1-0"]
[ECO "B07"]
[WhiteElo "1931"]
[BlackElo "1289"]
[PlyCount "87"]
[EventDate "2019.01.18"]
[EventType "swiss"]
[EventCountry "BLR"]
[TimeControl "5400+30"]

1. d4 Nf6 2. Bf4 d6 3. Nc3 g6 4. e4 Bg7 5. Qd2 O-O 6. Bh6 Nbd7 7. h4 e5 8. d5 Nc5 9. f3 c6 10. O-O-O cxd5 11. Nxd5 Ncxe4 12. fxe4 Nxe4 13. Bxg7 Nxd2 14. Bf6 Nxf1 15. Rxf1 Qxf6 16. Nxf6+ Kg7 17. g4 Be6 18. Ne2 Bc4 19. Rh2 Rac8 20. Kd2 Rfd8 21. g5 d5 22. Rff2 d4 23. Nc1 Rc6 24. Nd3 Bxd3 25. Kxd3 Ra6 26. a3 Rb6 27. b3 Rc8 28. Ne4 Rbc6 29. Rf3 R8c7 30. Rhf2 b6 31. Rf6 a6 32. Rxc6 Rxc6 33. Rf6 Rxf6 34. Nxf6 h6 35. Ke4 hxg5 36. hxg5 Kf8 37. Kxe5 Ke7 38. Kxd4 Ke6 39. Ke4 b5 40. c4 bxc4 41. bxc4 Kd6 42. Kd4 Kc6 43. c5 a5 44. a4 1-0

[Event "XVII Orsha-2019 Open"]
[Site "Orsha"]
[Date "2019.01.20"]
[Round "4.25"]
[White "Naumovich, Yaroslav"]
[Black "Dolgopyatov, Andrey"]
[Result "1-0"]
[ECO "D45"]
[WhiteElo "1915"]
[BlackElo "1393"]
[PlyCount "57"]
[EventDate "2019.01.18"]
[EventType "swiss"]
[EventCountry "BLR"]
[TimeControl "5400+30"]

1. Nf3 d5 2. d4 Nf6 3. e3 e6 4. c4 c6 5. Nc3 Bd6 6. Bd3 O-O 7. O-O Re8 8. e4 dxe4 9. Nxe4 Nxe4 10. Bxe4 h6 11. b3 Nd7 12. Bb2 Nf6 13. Bc2 b6 14. Qe2 Bb7 15. Rad1 Qc7 16. Ne5 Rad8 17. f4 c5 18. Kh1 cxd4 19. Bxd4 Bc5 20. Bc3 Rd6 21. Ng4 Rxd1 22. Nxf6+ gxf6 23. Qg4+ Kf8 24. Rxd1 Ke7 25. Re1 Qc8 26. Qg7 Rg8 27. Bxf6+ Kd6 28. Rd1+ Kc7 29. Be5+ 1-0

[Event "XVII Orsha-2019 Open"]
[Site "Orsha"]
[Date "2019.01.20"]
[Round "4.26"]
[White "Sukalina, Alina"]
[Black "Vainerchuk, Barys"]
[Result "0-1"]
[ECO "A88"]
[WhiteElo "1546"]
[BlackElo "1907"]
[PlyCount "102"]
[EventDate "2019.01.18"]
[EventType "swiss"]
[EventCountry "BLR"]
[TimeControl "5400+30"]

1. d4 f5 2. c4 Nf6 3. Nc3 g6 4. Nf3 Bg7 5. g3 O-O 6. Bg2 d6 7. O-O c6 8. b3 Qe8 9. Qc2 h6 10. Ba3 Qf7 11. Rad1 Nbd7 12. d5 c5 13. Bb2 a6 14. a4 Re8 15. Rfe1 Nf8 16. h4 N8h7 17. Bc1 Ng4 18. Bf4 Nhf6 19. Nh2 Nxh2 20. Kxh2 g5 21. hxg5 Qh5+ 22. Kg1 hxg5 23. Bc1 Ng4 24. e3 Ne5 25. Bb2 g4 26. Ne2 Qg5 27. Nf4 Rb8 28. Qe2 Bd7 29. Bxe5 Bxe5 30. Nd3 Bf6 31. e4 Bc3 32. Rf1 Rf8 33. exf5 Bxf5 34. Nf4 Be5 35. Nd3 Bxd3 36. Qxd3 Rf7 37. Be4 Rbf8 38. Kg2 Rf6 39. Rd2 Bd4 40. Qc2 Qh6 41. Rh1 Qxd2 42. Qxd2 Rxf2+ 43. Qxf2 Rxf2+ 44. Kg1 Re2+ 45. Kf1 Rxe4 46. Rh5 Bf6 47. Kf2 Re5 48. Rxe5 Bxe5 49. Kg2 Kf7 50. Kf2 e6 51. dxe6+ Kxe6 0-1

[Event "XVII Orsha-2019 Open"]
[Site "Orsha"]
[Date "2019.01.20"]
[Round "4.27"]
[White "Egorenkov, Igor"]
[Black "Petrosyan, Sahak"]
[Result "1-0"]
[ECO "A14"]
[WhiteElo "2213"]
[BlackElo "1835"]
[PlyCount "69"]
[EventDate "2019.01.18"]
[EventType "swiss"]
[EventCountry "BLR"]
[TimeControl "5400+30"]

1. c4 e6 2. Nf3 d5 3. b3 Nf6 4. Bb2 c5 5. g3 Nc6 6. Bg2 Be7 7. O-O O-O 8. cxd5 Nxd5 9. Nc3 Bf6 10. Rb1 Nxc3 11. dxc3 Qc7 12. e4 e5 13. Qe2 Be6 14. Nd2 Rfd8 15. f4 Qa5 16. f5 Bc8 17. a4 Qc7 18. Nf3 b6 19. g4 Qe7 20. g5 Bxg5 21. Nxg5 Qxg5 22. Bc1 Qf6 23. Qh5 h6 24. h4 Ba6 25. c4 Rd6 26. Qg4 Qe7 27. Bf3 Kh8 28. Rb2 f6 29. Rg2 Qf8 30. Kh2 Rd7 31. Qh5 Qe8 32. Rg6 Ne7 33. Rxh6+ gxh6 34. Qxh6+ Kg8 35. Rg1+ 1-0

[Event "XVII Orsha-2019 Open"]
[Site "Orsha"]
[Date "2019.01.20"]
[Round "4.28"]
[White "Elkin, Leonid"]
[Black "Grigoryan, Aram"]
[Result "0-1"]
[ECO "C18"]
[WhiteElo "2085"]
[BlackElo "1786"]
[PlyCount "61"]
[EventDate "2019.01.18"]
[EventType "swiss"]
[EventCountry "BLR"]
[TimeControl "5400+30"]

1. e4 e6 2. d4 d5 3. Nc3 Bb4 4. e5 c5 5. a3 Bxc3+ 6. bxc3 Ne7 7. Qg4 Qc7 8. Qxg7 Rg8 9. Qxh7 cxd4 10. Ne2 dxc3 11. f4 Nbc6 12. h4 Bd7 13. h5 O-O-O 14. h6 Nf5 15. Qxf7 Rh8 16. h7 Qb6 17. Rh3 Kb8 18. Qg6 Ncd4 19. Nxd4 Qxd4 20. g4 Qe4+ 21. Be3 d4 22. gxf5 dxe3 23. Bd3 Qxf4 24. Qg3 Qxg3+ 25. Rxg3 Rxh7 26. Ke2 exf5 27. Kxe3 Rh4 28. Rg7 Bc6 29. Rf1 Rd5 30. Rf4 Rxe5+ 31. Kd4 {... 39 moves} 0-1

[Event "XVII Orsha-2019 Open"]
[Site "Orsha"]
[Date "2019.01.20"]
[Round "4.30"]
[White "Davidov, Alexey"]
[Black "Bialiauski, Artsiom"]
[Result "1-0"]
[ECO "C27"]
[WhiteElo "1688"]
[BlackElo "1914"]
[PlyCount "77"]
[EventDate "2019.01.18"]
[EventType "swiss"]
[EventCountry "BLR"]
[TimeControl "5400+30"]

1. e4 e5 2. Nc3 Nf6 3. Bc4 c6 4. d4 exd4 5. Qxd4 d6 6. Bf4 b5 7. Be2 Be7 8. O-O-O Qb6 9. Bxd6 Qxd4 10. Rxd4 Bxd6 11. Rxd6 b4 12. e5 Nfd7 13. Ne4 Nxe5 14. Nf3 Ned7 15. Rhd1 O-O 16. Bc4 Nb6 17. Bb3 a5 18. Neg5 Ra7 19. Nxf7 a4 20. Nh6+ Kh8 21. Rd8 N8d7 22. Nf7+ Kg8 23. Be6 Rc7 24. N3e5 Rxd8 25. Nxd8+ Kf8 26. Bxd7 Nxd7 27. Ne6+ Ke7 28. Nxc7 Nxe5 29. Re1 Kd6 30. Ne8+ Kd5 31. f4 Ng4 32. h3 Nf2 33. Nxg7 b3 34. axb3 axb3 35. Re2 Ne4 36. cxb3 Ba6 37. Re1 Nc5 38. Re5+ Kd4 39. Nf5+ 1-0

[Event "XVII Orsha-2019 Open"]
[Site "Orsha"]
[Date "2019.01.20"]
[Round "4.31"]
[White "Gabdrakipov, Kirill"]
[Black "Viikmaa, Karmen"]
[Result "0-1"]
[ECO "B33"]
[WhiteElo "1901"]
[BlackElo "1706"]
[PlyCount "78"]
[EventDate "2019.01.18"]
[EventType "swiss"]
[EventCountry "BLR"]
[TimeControl "5400+30"]

1. e4 c5 2. Nf3 Nc6 3. d4 cxd4 4. Nxd4 Qb6 5. Nb3 Nf6 6. Nc3 e6 7. Be3 Qc7 8. Qd2 Bb4 9. f3 d5 10. a3 Bxc3 11. Qxc3 dxe4 12. fxe4 O-O 13. Bd3 Ng4 14. Bc5 Rd8 15. O-O-O b6 16. h3 Nge5 17. Bd4 Nxd3+ 18. Rxd3 f6 19. Rg3 Qf4+ 20. Re3 Bb7 21. Kb1 Rac8 22. Qd3 e5 23. Rf3 Qh6 24. Qc4+ Kh8 25. Be3 Qg6 26. Qa4 Nd4 27. Bxd4 exd4 28. Nxd4 Bxe4 29. Rf2 Qf7 30. Nf3 Rc4 31. Ne5 fxe5 32. Qb3 Qxf2 33. Qxc4 Qd4 34. Qc7 Qd6 35. Qxa7 Rc8 36. Rc1 Qc6 37. Ka1 Bd5 38. Qe7 Qc4 39. b3 Qc3+ 0-1

[Event "XVII Orsha-2019 Open"]
[Site "Orsha"]
[Date "2019.01.20"]
[Round "4.32"]
[White "Dolgopyatov, Evgeniy"]
[Black "Tsesler, Yakau"]
[Result "1/2-1/2"]
[ECO "D03"]
[WhiteElo "1661"]
[BlackElo "1895"]
[PlyCount "51"]
[EventDate "2019.01.18"]
[EventType "swiss"]
[EventCountry "BLR"]
[TimeControl "5400+30"]

1. d4 d5 2. Nf3 Nf6 3. Bg5 e6 4. e3 Nbd7 5. Bd3 Be7 6. Nbd2 b6 7. Ne5 Nxe5 8. dxe5 Nd7 9. Bxe7 Qxe7 10. f4 Bb7 11. Qe2 h6 12. c3 Nc5 13. Nf3 Nxd3+ 14. Qxd3 a6 15. O-O O-O-O 16. b4 f5 17. Rab1 g5 18. Nd4 gxf4 19. exf4 Qd7 20. Rf2 Rhg8 21. a4 Rg6 22. a5 b5 23. Nb3 Qc6 24. Qd4 Rdg8 25. Nc5 h5 26. Rbb2 $11 1/2-1/2

[Event "XVII Orsha-2019 Open"]
[Site "Orsha"]
[Date "2019.01.20"]
[Round "4.33"]
[White "Staravoitava, Hanna"]
[Black "Sokolov, Sergey"]
[Result "1-0"]
[ECO "B10"]
[WhiteElo "1864"]
[BlackElo "1756"]
[PlyCount "61"]
[EventDate "2019.01.18"]
[EventType "swiss"]
[EventCountry "BLR"]
[TimeControl "5400+30"]

1. e4 c6 2. Nf3 d5 3. e5 Bf5 4. Nh4 Bg6 5. Nxg6 hxg6 6. e6 f5 7. d4 Qd6 8. Qe2 Na6 9. g3 Nf6 10. Bf4 Qd8 11. Nd2 Nh5 12. Bg5 Nc7 13. O-O-O Nb5 14. Nf3 Qa5 15. Kb1 Qb4 16. Rd3 Nf6 17. Bd2 Qd6 18. Ng5 Rg8 19. Bf4 Qb4 20. Rb3 Qa5 21. Rxb5 cxb5 22. Qxb5+ Qxb5 23. Bxb5+ Kd8 24. Nf7+ Kc8 25. Re1 a6 26. Re3 b6 27. Rc3+ Kb7 28. Rc7+ Kb8 29. Bc6 Ra7 30. Rd7+ Kc8 31. Rd8# 1-0

[Event "XVII Orsha-2019 Open"]
[Site "Orsha"]
[Date "2019.01.20"]
[Round "4.34"]
[White "Kuleba, Ivan"]
[Black "Kolosovskaya, Olga"]
[Result "1-0"]
[ECO "A11"]
[WhiteElo "1617"]
[BlackElo "1855"]
[PlyCount "51"]
[EventDate "2019.01.18"]
[EventType "swiss"]
[EventCountry "BLR"]
[TimeControl "5400+30"]

1. c4 c6 2. Nf3 d5 3. e3 Nf6 4. Nc3 e6 5. b3 Be7 6. Bb2 O-O 7. Rg1 b6 8. g4 c5 9. g5 Ne4 10. Qc2 Bb7 11. Bd3 f5 12. gxf6 Bxf6 13. Nxe4 dxe4 14. Bxe4 Bxe4 15. Qxe4 Bxb2 16. Rb1 Nd7 17. Ng5 g6 18. Qxe6+ Kg7 19. Rxb2 Rf6 20. Qh3 Nf8 21. Ke2 Rxf2+ 22. Kxf2 Qf6+ 23. Qf3 Qxb2 24. Qxa8 Qxd2+ 25. Kf3 Qxh2 26. Qb7+ 1-0

[Event "XVII Orsha-2019 Open"]
[Site "Orsha"]
[Date "2019.01.20"]
[Round "4.35"]
[White "Ivanov, Igor"]
[Black "Slesareva, Miraslava"]
[Result "1/2-1/2"]
[ECO "B25"]
[WhiteElo "2131"]
[BlackElo "1626"]
[PlyCount "248"]
[EventDate "2019.01.18"]
[EventType "swiss"]
[EventCountry "BLR"]
[TimeControl "5400+30"]

1. Nf3 c5 2. g3 Nc6 3. Bg2 g6 4. O-O Bg7 5. d3 e5 6. e4 Nge7 7. Nc3 d6 8. Nh4 h6 9. Kh1 Bf6 10. Nf3 Bg4 11. h3 Be6 12. a4 Bg7 13. Be3 Nd4 14. Ng1 g5 15. Nce2 f6 16. Ra3 Qb6 17. Qc1 Rc8 18. c3 Nxe2 19. Nxe2 Qc7 20. c4 Nc6 21. f4 Qd7 22. Kh2 b6 23. Nc3 Nd4 24. Qd1 Bf7 25. Ra1 a5 26. Nb5 Nxb5 27. axb5 Rb8 28. Qd2 Be6 29. Rf2 Rf8 30. Qe2 Kd8 31. Bd2 Kc7 32. b3 Ra8 33. Raf1 Rad8 34. Ra1 Ra8 35. Ra2 Ra7 36. Be3 Rfa8 37. Rf1 Kb7 38. Rfa1 Qc8 39. Ra4 Bd7 40. R1a3 Be6 41. Qa2 Qc7 42. Bd2 Kb8 43. Be3 Qe7 44. Qf2 Bc8 45. Ra2 Qc7 46. Qf3 Be6 47. Qh5 Qf7 48. Qd1 Qc7 49. Rf2 Qe7 50. Bf3 Kc7 51. Qa1 Kb8 52. Bg2 Qd7 53. Bd2 Qc7 54. Qd1 Qd7 55. Bc3 Qc7 56. Bf3 Qd7 57. Bg4 Qe7 58. Raa2 Qd7 59. Qf3 Bxg4 60. hxg4 Kb7 61. Rf1 Rh8 62. Kg2 Rf8 63. Rfa1 Rfa8 64. Rh1 Rf8 65. Rf2 Raa8 66. Ra2 Ra7 67. Rha1 Rfa8 68. Bd2 Qe7 69. Qd1 Kb8 70. Ra3 Qc7 71. Qh1 Qe7 72. Qh5 Qd7 73. R1a2 Qe7 74. Kf3 Qd7 75. Qg6 Qe7 76. Bc3 Qd7 77. Rh2 Kb7 78. Qh7 Kb8 79. Qg8+ Qc8 80. Qd5 Qd7 81. Raa2 Kc7 82. Raf2 Rf8 83. Ra2 Rfa8 84. Rh1 Kb8 85. Rha1 Bh8 86. Bd2 Bg7 87. Rh1 Kc7 88. Ra4 Kb8 89. Bc3 Kc7 90. Rh2 Kb8 91. Raa2 Bh8 92. Be1 Bg7 93. Bd2 Bh8 94. Qg8+ Kb7 95. Qg6 Bg7 96. Be1 Kb8 97. Qf5 Qe7 98. Bc3 Kb7 99. Ke3 Kb8 100. Rhf2 Rd7 101. Kd2 Rc7 102. Kc2 Rd7 103. fxg5 fxg5 104. Ra1 Qe8 105. Raf1 Raa7 106. Qf3 Rac7 107. Qe2 Kb7 108. Rf5 Re7 109. Bd2 Red7 110. Ra1 Kb8 111. Ra2 Ra7 112. Qh2 Re7 113. Ra1 Red7 114. Raf1 Re7 115. Qh5 Qxh5 116. gxh5 Kc8 117. Ra1 Kd8 118. Kd1 Ke8 119. Ke2 Rf7 120. Ra2 Rad7 121. Kf3 Ke7 122. Kg4 Ke6 123. Be3 Bf6 124. Raf2 Rc7 1/2-1/2

[Event "XVII Orsha-2019 Open"]
[Site "Orsha"]
[Date "2019.01.20"]
[Round "4.36"]
[White "Karas, Andrei"]
[Black "Loshakov, Dmitry"]
[Result "1-0"]
[ECO "A24"]
[WhiteElo "1422"]
[BlackElo "1852"]
[PlyCount "109"]
[EventDate "2019.01.18"]
[EventType "swiss"]
[EventCountry "BLR"]
[TimeControl "5400+30"]

1. c4 Nf6 2. g3 g6 3. Bg2 Bg7 4. Nc3 O-O 5. d3 d6 6. e4 e5 7. Nge2 Be6 8. O-O Qd7 9. Bg5 h6 10. Bd2 c6 11. Qc2 Bh3 12. Rab1 Bxg2 13. Kxg2 d5 14. b3 Na6 15. a3 Rad8 16. Rfd1 b6 17. Bc1 Nc5 18. exd5 cxd5 19. d4 exd4 20. Nxd4 dxc4 21. bxc4 Qb7+ 22. Kg1 Ng4 23. Be3 Rfe8 24. Nd5 Ne4 25. Ne2 Nef6 26. Nec3 Ne5 27. Nxf6+ Bxf6 28. Nd5 Bg7 29. Bf4 Nf3+ 30. Kg2 Nd4 31. Qc3 Ne2 32. Qf3 Kh8 33. Be3 Nc3 34. Nxc3 Qxf3+ 35. Kxf3 Bxc3 36. Bxh6 Bd4 37. Bg5 f6 38. Rxd4 fxg5 39. Rbd1 Rf8+ 40. Kg4 Rxd4+ 41. Rxd4 Rf5 42. Rd5 Rxd5 43. cxd5 Kg7 44. Kxg5 b5 45. Kf4 Kf6 46. Ke4 a5 47. Kd4 b4 48. axb4 axb4 49. Kc4 Ke5 50. d6 Kxd6 51. Kxb4 Kd5 52. f4 Ke4 53. Kc4 Kf3 54. Kd4 Kg2 55. g4 1-0

[Event "XVII Orsha-2019 Open"]
[Site "Orsha"]
[Date "2019.01.20"]
[Round "4.37"]
[White "Platnitski, Siarhei"]
[Black "Poghosyan, Sarmen"]
[Result "0-1"]
[ECO "A34"]
[WhiteElo "1383"]
[BlackElo "1361"]
[PlyCount "74"]
[EventDate "2019.01.18"]
[EventType "swiss"]
[EventCountry "BLR"]
[TimeControl "5400+30"]

1. c4 e6 2. g3 d5 3. Bg2 Nf6 4. Nf3 c5 5. cxd5 Nxd5 6. Nc3 Be7 7. O-O O-O 8. d3 Nc6 9. Bd2 Bf6 10. Rc1 b6 11. Qb3 Na5 12. Qc2 Nb4 13. Qb1 Bb7 14. Rfd1 Nac6 15. Ne4 Nd5 16. Nxf6+ Qxf6 17. b3 Nd4 18. Nxd4 cxd4 19. e4 dxe3 20. fxe3 Rac8 21. Rxc8 Rxc8 22. Rc1 Rd8 23. Rc4 h6 24. e4 b5 25. Rc1 Qd4+ 26. Kh1 Ne3 27. Bxe3 Qxe3 28. Rd1 b4 29. Qc2 Rc8 30. Qb1 Qd4 31. Rf1 Rc3 32. Rd1 Ba6 33. Bf1 Qf2 34. Rc1 Qf3+ 35. Bg2 Qxd3 36. Qb2 Qe2 37. Qxe2 Rxc1+ 0-1

[Event "XVII Orsha-2019 Open"]
[Site "Orsha"]
[Date "2019.01.20"]
[Round "4.38"]
[White "Shaban, Aliaksandra"]
[Black "Gusenkova, Karina"]
[Result "1/2-1/2"]
[ECO "C44"]
[WhiteElo "1482"]
[BlackElo "1642"]
[PlyCount "139"]
[EventDate "2019.01.18"]
[EventType "swiss"]
[EventCountry "BLR"]
[TimeControl "5400+30"]

1. e4 e5 2. Nf3 Nf6 3. d3 Nc6 4. g3 Bc5 5. Bg2 O-O 6. O-O d5 7. exd5 Nxd5 8. Re1 f6 9. a3 a5 10. Nfd2 Be6 11. Ne4 Ba7 12. Nbc3 Nxc3 13. Nxc3 Qd7 14. Ne4 Bg4 15. Bf3 Bxf3 16. Qxf3 Nd4 17. Qd1 f5 18. Nd2 f4 19. c3 fxg3 20. hxg3 Nc2 21. Qxc2 Bxf2+ 22. Kg2 Bxe1 23. Ne4 Qf5 24. Qe2 Rad8 25. Bg5 Rd7 26. Rxe1 h6 27. Bc1 Rdf7 28. Be3 Qg6 29. Bc5 Rd8 30. Rf1 Rfd7 31. Rf3 b6 32. Bg1 c5 33. Nf2 Qc6 34. Qxe5 Rf7 35. Qe4 Qxe4 36. Nxe4 Rxf3 37. Kxf3 Rxd3+ 38. Ke2 Rd7 39. Be3 Kf7 40. Nd2 Ke6 41. Nc4 Rb7 42. Bf4 g5 43. Be3 Kd5 44. Kd3 a4 45. Nd2 b5 46. Nf3 Rf7 47. Ke2 Re7 48. Nd2 Re6 49. Kd3 Re8 50. Nf3 Rf8 51. Nd2 Re8 52. g4 Rh8 53. Nf3 Rf8 54. Ke2 Re8 55. Nd2 Rh8 56. Kf3 Rf8+ 57. Ke2 Rh8 58. Nf1 h5 59. gxh5 Rxh5 60. Kf3 Rh3+ 61. Kg4 Rh1 62. Nd2 Ra1 63. Kxg5 Ra2 64. Kf4 Rxb2 65. Ne4 Rh2 66. Nxc5 Rh4+ 67. Kf3 Rh3+ 68. Kf4 Rxe3 69. Kxe3 Kxc5 70. Kd2 1/2-1/2